Unix NetHack Version 3.7.0-86 Work-in-progress - last build May 30 2023 11:53:40 (cc98dc9aa62a9957b082a042edf5bd7ec9f632c7,branch:master). Game began 2023-06-15 15:43:15, ended 2023-06-15 16:22:32. cathartes, chaotic male human Barbarian ----------- ----------- |.........| ---....|....| |.........| |>...00|00..| |.........| ---......0..| |....<....| |....|....| |.........| ---------.-| |.........| |.....|....| |.........| |.....|....| |.........| |..........| |g----------------.....|....| |.@d...............)...|....| ----------------------------- Cathartes the Bandit St:18/01 Dx:16 Co:18 In:8 Wi:8 Ch:7 Chaotic Dlvl:7 $:313 HP:0(60) Pw:14(14) AC:2 Xp:6/610 T:3621 Latest messages: There are several objects here. Satellite steps reluctantly over a quarterstaff. You try to move the boulder, but in vain. With great effort you move the boulder. With great effort you move the boulder. You try to move the boulder, but in vain. Satellite steps reluctantly over a quarterstaff. You swap places with Satellite. There are several objects here. You hear some noises in the distance. Satellite steps reluctantly over a quarterstaff. The boulder falls into and plugs a hole in the floor! You swap places with Satellite. You hear some noises. You hear some noises in the distance. There are several objects here. With great effort you move the boulder. With great effort you move the boulder. You hear some noises in the distance. There are several objects here. Satellite steps reluctantly over a quarterstaff. You hear some noises. The boulder falls into and plugs a hole in the floor! This door is locked. Unlock it with your credit card? [ynq] (q) y You succeed in picking the lock. The door opens. You destroy the elf zombie! You kill the dwarf! You kill the rothe! You see no objects here. P - a wand of digging. There is an open door here. There are several more objects here. A - 2 tripe rations (3 in total). Q - a scroll labeled HAPAX LEGOMENON. You miss the gargoyle. The gargoyle hits! The gargoyle hits again! The gargoyle bites! You stop. Satellite is in the way! The gargoyle hits! The gargoyle hits again! The gargoyle bites! You stop. Satellite is in the way! The gargoyle hits! The gargoyle hits again! The gargoyle bites! You die... Do you want your possessions identified? [ynq] (y) q Inventory: Coins $ - 313 gold pieces Comestibles F - 2 uncursed blueberry muffins f - an uncursed cram ration e - 7 uncursed food rations A - 3 uncursed tripe rations Scrolls K - 2 uncursed scrolls of earth Q - an uncursed scroll of magic mapping t - an uncursed scroll of teleportation Potions E - an uncursed potion of object detection Wands P - an uncursed wand of digging (0:8) L - an uncursed wand of striking (0:5) Tools u - an uncursed credit card l - an uncursed leash (attached to Satellite) p - an uncursed +0 pick-axe Rings C - an uncursed ring of cold resistance N - a blessed +1 ring of increase damage I - an uncursed ring of warning Gems/Stones o - an uncursed ruby Weapons a - an uncursed +0 two-handed sword (weapon in hands) Armor s - a blessed +1 pair of iron shoes (being worn) j - an uncursed +0 cloak of invisibility w - an uncursed +0 elven mithril-coat (being worn) Cathartes the Barbarian's attributes: Background: You were a Bandit, a level 6 male human Barbarian. You were chaotic, on a mission for Set who was opposed by Mitra (lawful) and Crom (neutral). You were in Sokoban, on level 7. You entered the dungeon 3621 turns ago. You had 610 experience points, 30 more were needed to attain level 7. Basics: You had 0 out of 60 hit points. You had all 14 energy points (spell power). Your armor class was 2. Your wallet contained 313 zorkmids. Autopickup was on for '$_*' plus thrown, with exceptions. Final Characteristics: Your strength was 18/01 (limit:18/100). Your dexterity was 16 (limit:18). Your constitution was 18 (limit:18). Your intelligence was 8 (limit:18). Your wisdom was 8 (limit:18). Your charisma was 7 (limit:18). Final Status: You were not hungry. You were unencumbered. You were wielding a two-handed sword. You were skilled in two-handed sword. Final Attributes: You were piously aligned. You were poison resistant. You were guarded. You are dead. Miscellaneous: You disabled loading of bones levels. Total elapsed playing time was 39 minutes and 13 seconds. Major events: Turn 1: cathartes the chaotic male human Barbarian entered the dungeon 677: entered the Gnomish Mines 1039: attained the rank of Pillager (level 3) 2443: attained the rank of Bandit (level 6) 2532: entered Sokoban 3068: completed 1st Sokoban level 3596: completed 2nd Sokoban level 3621: killed by a gargoyle Vanquished creatures: a wood golem a chameleon a leprechaun a jaguar a raven a wood nymph a water nymph 4 Mordor orcs 2 Uruk-hai 2 gnome leaders a kobold mummy 2 elf zombies a ghoul a baby crocodile 2 giant ants a little dog 2 floating eyes 3 dwarves a homunculus a rothe a rabid rat 2 centipedes a giant bat a monkey 4 orc zombies 2 acid blobs 3 coyotes a hobbit a manes 2 giant rats a cave spider 4 gnomes a gecko 5 jackals a goblin 3 sewer rats 7 grid bugs 4 lichens 3 kobold zombies 6 newts 83 creatures vanquished. No species were genocided or became extinct. Voluntary challenges: You read items or engraved 5 times. You engraved Elbereth 2 times. You never genocided any monsters. You never polymorphed an object. You never changed form. You used no wishes. You did not violate any of the special Sokoban rules. Achievements: You entered a shop. You entered the Gnomish Mines. You attained the rank of Pillager. You attained the rank of Bandit. You entered Sokoban. The Dungeons of Doom: levels 1 to 9 Level 1: Some fountains. Level 2: "vault" A fountain. Level 3: An armor shop. Level 4: Stairs down to The Gnomish Mines. Level 5: "vault" A fountain. Level 6: Level 7: Level 8: Level 9: Stairs up to Sokoban, level 8. The Gnomish Mines: Level 5: Sokoban: levels 8 up to 7 Level 7: <- You were here. Solved. Final resting place for you, killed by a gargoyle. Level 8: Solved. Game over: ---------- / \ / REST \ / IN \ / PEACE \ / \ | cathartes | | 313 Au | | killed by a | | gargoyle | | | | | | 2023 | *| * * * | * _________)/\\_//(\/(/\)/\//\/|_)_______ Goodbye cathartes the Barbarian... You died in Sokoban on dungeon level 7 with 3122 points, and 313 pieces of gold, after 3621 moves. You were level 6 with a maximum of 60 hit points when you died.